 Dungeon Crawl Stone Soup version 0.31-a0-1576-ga3383bade6 (webtiles) character file.

Game seed: 2714113616112820090

1014 inmateoo the Ruffian (level 7, -1/71 HPs)
             Began as a Troll Wanderer on Jan 4, 2024.
             Was an Elder of Ru.
             Slain by Pikel
             ... wielding a +2 whip of flaming
              (8 damage)
             ... on level 5 of the Dungeon.
             The game lasted 00:03:48 (3581 turns).

inmateoo the Ruffian (Troll Wanderer)               Turns: 3581, Time: 00:03:49

Health: -1/71      AC:  4    Str: 22    XL:     7   Next: 1%
Magic:  6/6        EV:  9    Int:  8    God:    Ru [****..]
Gold:   184        SH:  0    Dex: 10    Spells: 6/6 levels left

rFire   . .          .
                       - Unarmed
rCold   . . .        (no shield)
rNeg    . . .        c - +0 robe
rPois   .            (helmet restricted)
rElec   .            (no cloak)
rCorr   .            (gloves unavailable)
SInv    .            (boots unavailable)
Will    .....        (no amulet)
Stlth   ++           (no ring)
HPRegen 1.11/turn    (no ring)
MPRegen 0.10/turn

%: no passive effects
@: no status effects
A: large, unfitting armour, claws 3, regeneration 1, shaggy fur 1, tough skin 1,
inability to use devices, inexperienced 1
a: Renounce Religion, Draw Out Power, Power Leap


You were on level 5 of the Dungeon.
You worshipped Ru.
Ru was greatly pleased with you.
You visited 1 branch of the dungeon, and saw 5 of its levels.

You collected 184 gold pieces.

Inventory:

Hand Weapons
 a - a +2 short sword
 b - a +0 falchion
Armour
 c - a +0 robe (worn)
Scrolls
 d - 2 scrolls of fear
 e - 2 scrolls of blinking {unknown}
 f - 5 scrolls of identify {unknown}
 m - a scroll of poison {unknown}
 n - 2 scrolls of enchant weapon {unknown}
 o - a scroll of revelation {unknown}
 p - a scroll of teleportation {unknown}
Potions
 g - 2 potions of lignification {unknown}
 h - 3 potions of curing {unknown}
 i - a potion of degeneration {unknown}
 j - a potion of magic {unknown}
 k - a potion of cancellation {unknown}
 l - a potion of brilliance {unknown}
 q - a potion of mutation {unknown}


   Skills:
 + Level 4.7 Fighting
 - Level 2.4(2.7) Short Blades
 - Level 1.5(2.2) Long Blades
 - Level 1.5 Dodging
 - Level 3.0 Stealth
 + Level 5.5 Unarmed Combat
 - Level 1.0 Invocations


You had 6 spell levels left.
You didn't know any spells.
Your spell library contained the following spells:

 Spells                   Type           Power      Damage    Failure   Level
 Cigotuvi's Dreadful Rot  Necr/Alch/Air  0%         N/A       54%         2
 Dispel Undead            Necr           0%         3d6       99%         4
 Martyr's Knell           Necr/Summ      0%         N/A       99%         4
 Death Channel            Necr           0%         N/A       100%        6


Dungeon Overview and Level Annotations

Branches:
Dungeon (5/15)
 Temple: D:4-7

Altars:
Dithmenos
Kikubaaqudgha
Makhleb
Nemelex Xobeh
Ru
Zin
The Shining One

Annotations:
D:5 Pikel


Innate Abilities, Weirdness & Mutations

You are too large for most types of armour.
You have claws for hands.
Your natural rate of healing is unusually fast.
You are covered in fur. (AC +1)
You have tough skin. (AC +1)
You cannot study or use magical devices.
You are somewhat inexperienced. (-1 XL)


Message History

Pikel hits you with a +2 whip of flaming.
Pikel burns you.
You claw Pikel!
Pikel is moderately wounded.
You are too injured to fight recklessly!
You scratch Pikel.
Pikel is heavily wounded.
Pikel hits you with a +2 whip of flaming.
Pikel burns you.
You are too injured to fight recklessly!
You barely miss Pikel.
Pikel is heavily wounded.
Pikel hits you with a +2 whip of flaming!
Pikel burns you.
You are too injured to fight recklessly!
You scratch Pikel.
Pikel is heavily wounded.
Pikel hits you with a +2 whip of flaming.
* * * LOW HITPOINT WARNING * * *
Pikel burns you.
* * * LOW HITPOINT WARNING * * *
You are too injured to fight recklessly!
You closely miss Pikel.
Pikel is heavily wounded.
Pikel hits you with a +2 whip of flaming.
* * * LOW HITPOINT WARNING * * *
Pikel burns you.
* * * LOW HITPOINT WARNING * * *
You claw Pikel!
Pikel is almost dead.
Pikel hits you with a +2 whip of flaming.
* * * LOW HITPOINT WARNING * * *
Pikel burns you.
* * * LOW HITPOINT WARNING * * *
Okay, then.
You scratch Pikel.
Pikel is almost dead.
Pikel hits you with a +2 whip of flaming!
You die...
Pikel says, "Another soul for the market."

####........# #.#.#.#.##
............###.......†#
............+.........†.
#..........####....#.##
#................#.#
##.....##########...#
##.5.## ....# ##K##
##...# #@# ##### #.#
##### #.# #~~~# ...
###~~ ##... #~~ ##.##
### ## #~ ### #~~


You could see Pikel and a lemure.

Vanquished Creatures
  Sigmund (D:5)
  A black bear (D:5)
  A sky beast (D:5)
  2 ogres (D:5)
  A centaur (D:5)
  A phantom (D:5)
  2 lemures (D:5)
  A bombardier beetle (D:4)
  3 hounds (D:5)
  A gnoll bouda (D:5)
  An iguana (D:4)
  5 gnolls (D:5)
  4 adders
  A shadow imp (D:5)
  A dart slug (D:1)
  A ribbon worm (D:4)
  3 orcs (D:3)
  4 endoplasms
  A giant cockroach (D:2)
  6 goblins
  4 hobgoblins
  6 jackals
  7 kobolds
  7 quokkas
  2 ball pythons
  6 bats (D:1)
  6 frilled lizards
  23 rats
102 creatures vanquished.

Notes
Turn   | Place    | Note
-------+----------+-------------------------------------------
     0 | D:1      | inmateoo the Troll Wanderer began the quest for the Orb.
     0 | D:1      | inmateoo set off with the following items: a +2 short
                  | sword, a +0 falchion, a +0 robe, a scroll of fear.
     0 | D:1      | Reached XP level 1. HP: 19/19 MP: 0/0
    52 | D:1      | Reached skill level 1 in Unarmed Combat
   109 | D:1      | Reached XP level 2. HP: 27/27 MP: 1/1
   231 | D:1      | Found a faded altar of an unknown god.
   685 | D:1      | You fall into a shaft and drop 1 floor!
   712 | D:2      | Reached XP level 3. HP: 35/35 MP: 2/2
   943 | D:1      | Prayed at the altar of an unknown god.
   943 | D:1      | Became a worshipper of Ru the Awakened
   965 | D:2      | Gained mutation: You are somewhat inexperienced. (-1 XL)
                  | [Ru sacrifice]
   965 | D:2      | Reached XP level 2. HP: 28/28 MP: 1/1
   965 | D:2      | Reached * piety under Ru
  1026 | D:2      | Reached skill level 2 in Unarmed Combat
  1626 | D:3      | Reached XP level 3. HP: 36/36 MP: 2/2
  1803 | D:3      | Found a glowing golden altar of the Shining One.
  1813 | D:3      | Found a sparkling altar of Nemelex Xobeh.
  1815 | D:3      | Found a glowing silver altar of Zin.
  1820 | D:3      | Found an ancient bone altar of Kikubaaqudgha.
  2345 | D:4      | Found a shadowy altar of Dithmenos.
  2360 | D:4      | Gained mutation: You cannot study or use magical devices.
                  | [Ru sacrifice]
  2360 | D:4      | Reached ** piety under Ru
  2360 | D:4      | Reached *** piety under Ru
  2360 | D:4      | Reached **** piety under Ru
  2415 | D:4      | Reached skill level 3 in Unarmed Combat
  2415 | D:4      | Reached XP level 4. HP: 44/44 MP: 3/3
  2823 | D:4      | Found a burning altar of Makhleb.
  2823 | D:4      | Noticed a balrug
  2826 | D:4      | Noticed a hellwing
  2826 | D:4      | Noticed a ynoxinul
  2877 | D:5      | Entered Level 5 of the Dungeon
  2877 | D:5      | Noticed a centaur
  2883 | D:5      | Killed a centaur
  2899 | D:5      | Noticed a phantom
  2915 | D:5      | Killed a phantom
  2916 | D:5      | Reached XP level 5. HP: 34/53 MP: 4/4
  2977 | D:5      | Noticed a sky beast
  2989 | D:5      | Killed a sky beast
  2990 | D:5      | Reached skill level 4 in Unarmed Combat
  3084 | D:5      | Reached XP level 6. HP: 62/62 MP: 5/5
  3520 | D:5      | Reached skill level 5 in Unarmed Combat
  3552 | D:5      | Noticed Sigmund
  3555 | D:5      | Killed Sigmund
  3556 | D:5      | Reached XP level 7. HP: 68/71 MP: 6/6
  3563 | D:5      | Noticed Pikel
  3581 | D:5      | Slain by Pikel

Illustrated notes

Levels and vault maps discovered:
D:1:      roderic_octagonal_star, layout_basic, ebering_ecumenical_altar_rust,
          grunt_decor_cap
D:2:      layout_rooms, minmay_rat_hole
D:3:      layout_basic, minitemple
D:4:      layout_loops_corners, makhleb_altar_promises_db,
          nicolae_dithmenos_shadow_blocks, supply_closet_lemuel,
          minmay_misc_feat_columns
D:5:      layout_loops_corners, kennysheep_diamond,
          chequers_serial_rivers_large_b, minmay_misc_feat_plants, uniq_pikel,
          uniq_sigmund

Skill      XL: |  1  2  3  4  5  6 |
---------------+-------------------+-----
Unarmed Combat | 1 2 3 4 5 |  5.5
Fighting       | 2 3 4 |  4.7
Stealth        | 2 3 |  3.0
Short Blades   | |  2.4
Long Blades    | |  1.5
Dodging        | |  1.5
Invocations    | |  1.0

Action                     |  1- 3 |  4- 6 |  7- 9 || total
---------------------------+-------+-------+-------++-------
  Melee: Unarmed           |   180 |    91 |    20 ||   291
         Punch             |     3 |     5 |       ||     8
 Invoke: Sacrifice Experie |     1 |       |       ||     1
         Sacrifice Artific |     1 |       |       ||     1
   Stab: Sleeping          |     1 |     2 |       ||     3
         Invisible         |       |     4 |       ||     4
         Distracted        |       |     1 |       ||     1
 Armour: Robe              |   115 |    69 |    18 ||   202
  Dodge: Dodged            |    89 |    47 |     2 ||   138

Table legend: (Time is in decaauts)
 A = Elapsed time spent in this place.
 B = Non-inter-level travel time spent in this place.
 C = Inter-level travel time spent in this place.
 D = Time resting spent in this place.
 E = Time spent auto-exploring this place.
 F = Levels seen in this place.
 G = Mean time per level.
                   A        B        C        D        E       F      G
               +--------+--------+--------+--------+--------+-----+--------+
         Total |   3566 |   3397 |    169 |     72 |   2687 |   5 |  713.2 |
       Dungeon |   3566 |   3397 |    169 |     72 |   2687 |   5 |  713.2 |
               +--------+--------+--------+--------+--------+-----+--------+

Top non-repeatable levels by time:
     D:1: 849 daAuts
     D:4: 806 daAuts
     D:3: 715 daAuts
     D:5: 696 daAuts
     D:2: 498 daAuts
